AoeStats
← Jairzin

Arena

509499863Analyzed
4v4 RM · 4d ago on Sep 27, 2026· 20m 19s· 8 players
Game mode
Random Map
Map size
Large (8 player)
Population
200
Speed
Normal
Resources
Standard
Victory
Conquest
Starting age
Dark Age
Ending age
Imperial Age
RankedLock teamsTeams togetherTeam positionsShared explorationLock speedFull tech treeHidden civsTurbo modeCheats
Victory
Defeat
🇲🇽 Saracens · Mexico
925
+16
🇹🇼 Spanish · Taiwan
861
+19
🇲🇽 Mongols · Mexico
846
+19
🇦🇺 Turks · Australia
843
+20
🇹🇷 Persians · Türkiye
1028
-22
🇧🇷 Aztecs · Brazil
1025
-23
🇯🇵 Khmer · Japan
943
-19
🇷🇺 Bohemians · Russia
703
-10
JUANITO_METEORO
4:56 Loom
10:19 Feudal Age
14:57 Town Watch
18:22 Castle Age
16:56 Bloodlines
16:33 Horse Collar
承
2:37 Loom
9:49 Feudal Age
17:00 Castle Age
16:03 Horse Collar
16:10 Double-Bit Axe
16:38 Scale Barding Armor
16:41 Stone Mining
17:23 Forging
17:13 Gold Mining
resistancejohnconner
2:33 Loom
10:22 Feudal Age
14:46 Castle Age
13:14 Gold Mining
dse_dll
8:45 Loom
10:31 Feudal Age
17:13 Castle Age
BySkandal
11:14 Feudal Age
13:32 Double-Bit Axe
13:32 Horse Collar
16:20 Castle Age
17:00 Heavy Plow
17:14 Bow Saw
17:06 Fletching
17:58 Loom
18:49 Wheelbarrow
18:01 Town Watch
Jairzin
12:47 Feudal Age
13:11 Horse Collar
13:42 Double-Bit Axe
17:40 Castle Age
16:29 Stone Mining
18:52 Bow Saw
18:45 Heavy Plow
lesserpanda1300
2:15 Loom
12:24 Feudal Age
12:56 Double-Bit Axe
12:55 Horse Collar
19:23 Castle Age
18:10 Bloodlines
17:54 Stone Mining
18:10 Gold Mining
18:26 Fletching
19:10 Forging
19:43 Scale Barding Armor
Noobburner
14:01 Feudal Age
16:04 Double-Bit Axe
16:02 Horse Collar
Connection lost

Rejoining the realm…

Still unreachable

The connection could not be restored.

Session expired

The server has moved on; the page needs a fresh start.